 Dungeon Crawl Stone Soup version 0.27-a0-637-g3a9f0a9c12 (webtiles) character file.

Game seed: 2406429948135043898

4995 MalarOregon the Slinger (level 10, 61/61 HPs)
             Began as a Halfling Arcane Marksman on Feb 10, 2021.
             Was an Initiate of Hepliaklqana.
             Quit the game on level 8 of the Dungeon on Mar 15, 2021.
             The game lasted 00:32:06 (11756 turns).

MalarOregon the Slinger (Halfling Arcane Marksman) Turns: 11756, Time: 00:32:07

Health: 61/61      AC:  9    Str: 17    XL:     10   Next: 83%
Magic:  17/17      EV: 18    Int: 14    God:    Hepliaklqana [......]
Gold:   163        SH:  0    Dex: 16    Spells: 8/19 levels left

rFire    + . .     SeeInvis .   a - +1 hunting sling
rCold    + . .     Faith    .   (shield restricted)
rNeg     . . .     Spirit   .   w - +0 robe
rPois    .         Reflect  .   L - +2 hat
rElec    .         Harm     .   v - scarf {rC+ rF+}
rCorr    .         Rampage  .   m - +2 pair of gloves {archery}
Will     .....                  p - +1 pair of boots
Stlth    +.........             (no amulet)
HPRegen  0.20/turn              K - ring of wizardry
MPRegen  0.15/turn              G - +6 ring of strength

@: no status effects
A: reduced essence, small, no large weapons, mutation resistance 1
a: Renounce Religion, Recall Ancestor, Ancestor Identity


You were on level 8 of the Dungeon.
You worshipped Hepliaklqana.
Hepliaklqana was noncommittal.
You visited 2 branches of the dungeon, and saw 10 of its levels.

You collected 490 gold pieces.
You spent 327 gold pieces at shops.

Inventory:

Hand Weapons
 a - a +1 hunting sling (weapon)
 f - a +2 dagger of venom
   (You took it off a kobold on level 1 of the Dungeon)
 h - a +0 dagger of draining
   (You took it off a goblin on level 1 of the Dungeon)
Missiles
 c - 163 stones (quivered ammo)
 d - 4 sling bullets
Armour
 m - a +2 pair of gloves of archery (worn)
   (You found it on level 2 of the Dungeon)
 p - a +1 pair of boots (worn)
   (You found it on level 2 of the Dungeon)
 v - a scarf of resistance (worn)
   (You found it on level 4 of the Dungeon)
 w - a +0 robe (worn)
 L - a +2 hat (worn)
   (You found it on level 8 of the Dungeon)
Jewellery
 G - a +6 ring of strength (left hand)
   (You found it on level 7 of the Dungeon)
 H - a ring of magical power
   (You found it on level 7 of the Dungeon)
 K - a ring of wizardry (right hand)
   (You found it on level 8 of the Dungeon)
Wands
 s - a wand of charming (16)
   (You found it on level 3 of the Dungeon)
 C - a wand of random effects (11)
   (You bought it in a shop on level 4 of the Dungeon)
Scrolls
 b - 6 scrolls of noise {!r}
 i - 4 scrolls of removedness
 l - 6 scrolls of teleportation {@r4}
 q - 3 scrolls of blinking
 t - 2 scrolls of amnesia
 u - 2 scrolls of fear
 y - 2 scrolls of enchant armour
 E - 2 scrolls of fog
Potions
 g - 3 potions of attraction {!q}
 j - a potion of magic {unknown}
 n - a potion of ambrosia {unknown}
 o - a potion of might {unknown}
 r - 3 potions of haste {@q3}
 z - a potion of heal wounds {unknown}
 A - 2 potions of curing {@q1}
 B - a potion of brilliance {unknown}
 D - a potion of berserk rage {unknown}
 I - a potion of flight {unknown}
 J - a potion of cancellation {unknown}


   Skills:
 + Level 6.2 Fighting
 + Level 10.1 Slings
 + Level 7.8 Dodging
 + Level 5.2 Spellcasting
 + Level 6.2 Hexes


You had 8 spell levels left.
You knew the following spells:

 Your Spells              Type           Power      Damage    Failure   Level
a - Corona                Hex            23%        N/A       1%          1
b - Inner Flame           Hex/Fire       12%        N/A       6%          3
d - Portal Projectile     Hex/Tloc       24%        N/A       6%          3
f - Cause Fear            Hex            10%        N/A       5%          4

Your spell library contained the following spells:

 Spells                   Type           Power      Damage    Failure   Level
 Slow                     Hex            21%        N/A       1%          2
 Leda's Liquefaction      Hex/Erth       6%         N/A       19%         4


Dungeon Overview and Level Annotations

Branches:
Dungeon (9/15)             Temple (1/1) D:7            Lair (0/6) D:8
    Orc: D:9-12

Altars:
Ashenzari
Cheibriados
Dithmenos
Elyvilon
Fedhas
Gozag
Hepliaklqana
Kikubaaqudgha
Makhleb
Nemelex Xobeh
Okawaru
Qazlal
Ru
Sif Muna
Trog
Uskayaw
Vehumet
Wu Jian
Xom
Yredelemnul
Zin
The Shining One

Shops:
D:4 *

Annotations:
D:7 3 runed translucent doors, emiel's ghost, novice GnWn


Innate Abilities, Weirdness & Mutations

Your life essence is reduced to manifest your ancestor. (-10% HP)
You are small and have problems with some larger weapons.
You are somewhat resistant to further mutation.


Message History

You shoot a stone. The stone hits the worker ant.
Inhapi hits the sky beast but does no damage.
A bullfrog comes into view.
The sky beast barely misses Inhapi.
The worker ant barely misses Inhapi.
Fire: 166 stones
Aim: a worker ant (lightly wounded, 72% to hit)
You shoot a stone. The stone hits the worker ant.
Inhapi hits the sky beast.
Fire: 165 stones
Aim: a worker ant (lightly wounded, 72% to hit)
You shoot a stone.
The stone closely misses the worker ant.
The worker ant closely misses Inhapi.
The sky beast hits Inhapi.
The sky beast shocks Inhapi.
Inhapi hits the sky beast!
The worker ant bites Inhapi!
Inhapi is destroyed!
There is a stone staircase leading up here.
The sky beast closely misses you.
You climb upwards.
There is a stone staircase leading down, spattered with blood here.
Aim: a sky beast (heavily wounded, chance to affect: 59%)
The sky beast is outlined in light.
The sky beast hits you but does no damage.
You shoot a stone. The stone hits the sky beast!
The sky beast hits you but does no damage.
You shoot a stone. The stone hits the sky beast.
You shoot a stone.
The stone completely misses the sky beast.
The sky beast misses you.
You shoot a stone. The stone hits the sky beast.
You kill the sky beast!
c - 162 stones (gained 2)
You see here a sky beast corpse.
c - 163 stones (gained 1)
You see here a sky beast corpse.
There is a stone staircase leading down, spattered with blood here.
Unknown command.
Inhapi emerges from the mists of memory!
The death yak bellows!
You hear a bellow!
There are monsters nearby!
Options error: Bad channel -- pray (~/.crawlrc:4440) Options error: Bad channel -- food (~/.crawlrc:4443) Options error: Bad channel -- rotten_meat (~/.crawlrc:4460) Welcome back, MalarOregon the Halfling Arcane Marksman.
Hepliaklqana says: Your past becomes your present!
Options error: Bad channel -- pray (~/.crawlrc:4440) Options error: Bad channel -- food (~/.crawlrc:4443) Options error: Bad channel -- rotten_meat (~/.crawlrc:4460) Welcome back, MalarOregon the Halfling Arcane Marksman.
Hepliaklqana says: Your past becomes your present!

#....#### #.##....###
#.#.......# #####
<.......#.#####.))#
.###.#.......##Y#Y#
.....#.###.#.#.<#.#
.##........#.####Y#
....###.####....#)#######
................@...>...#
...###..#######R#.##....#
##......# ###.#.##....#
#.#.#..#####...#.##....#
##.#.#...............####
.#.#.............##..#
##...............##..#
####....#####.###....#
##........# #.......###


You could see the friendly Inhapi the ancestor and 2 death yaks.

Vanquished Creatures
  A death yak (D:7)
  Pikel (D:6)
  A water moccasin (D:6)
  2 orc warriors
  A sky beast (D:8)
  2 black bears
  4 ogres
  2 lemures (D:6)
  3 centaurs
  A kobold brigand (D:8)
  5 bullfrogs
  4 scorpions
  4 wights (D:6)
  3 killer bees (D:6)
  2 howler monkeys
  2 quasits (D:6)
  A bullfrog skeleton (D:6)
  4 hounds
  2 orc priests
  A centaur skeleton (D:5)
  4 iguanas
  An ancestor (D:7)
  2 orc wizards
  5 worker ants
  10 adders
  7 gnolls
  2 white imps (D:8)
  2 ufetubi
  3 oozes
  2 adder skeletons
  A worm (D:2)
  4 dart slugs
  3 leopard geckos
  13 orcs
  3 ball pythons
  13 bats
  3 giant cockroaches
  11 goblins
  11 hobgoblins
  6 quokkas
  6 frilled lizards
  21 kobolds
  A leopard gecko skeleton (D:4)
  8 rats
188 creatures vanquished.

Vanquished Creatures (collateral kills)
  A two-headed ogre (D:7)
  A kobold brigand (D:9)
  2 howler monkeys (D:8)
  An orc priest (D:8)
  A bullfrog skeleton (D:8)
  An orc wizard (D:8)
  A worker ant zombie (D:8)
  An adder (D:7)
  A leopard gecko (D:8)
  An orc (D:7)
11 creatures vanquished.

Vanquished Creatures (others)
  An orc warrior (D:7)
  7 ancestors
8 creatures vanquished.

Grand Total: 207 creatures vanquished

Notes
Turn   | Place    | Note
-------+----------+-------------------------------------------
     0 | D:1      | MalarOregon the Halfling Arcane Marksman began the quest
                  | for the Orb.
     0 | D:1      | Reached XP level 1. HP: 12/12 MP: 2/2
    64 | D:1      | Reached skill level 1 in Fighting
   360 | D:1      | Reached XP level 2. HP: 15/18 MP: 3/3
   672 | D:1      | Reached XP level 3. HP: 23/23 MP: 4/4
  1677 | D:2      | Reached XP level 4. HP: 28/28 MP: 6/6
  1940 | D:2      | Reached skill level 4 in Slings
  2132 | D:2      | Found a bloodstained altar of Trog.
  2283 | D:3      | Reached XP level 5. HP: 34/34 MP: 7/7
  2431 | D:3      | Found a shadowy altar of Dithmenos.
  2888 | D:3      | Reached XP level 6. HP: 26/39 MP: 8/8
  3153 | D:3      | Upgraded the game from 0.27-a0-291-gd9602db6ee to
                  | 0.27-a0-320-g81d27af2d4
  3523 | D:4      | Found a white marble altar of Elyvilon.
  3524 | D:4      | Found Wemoirph's Assorted Antiques.
  3530 | D:4      | Bought a scroll labelled QOYNOI OROUH for 24 gold pieces
  3530 | D:4      | Bought a scroll labelled QOYNOI OROUH for 24 gold pieces
  3530 | D:4      | Bought a scroll labelled BIPAUT JIAKLAW for 24 gold pieces
  3530 | D:4      | Bought a lumpy amethyst potion for 21 gold pieces
  3530 | D:4      | Bought a scroll labelled GONEDI USOONI for 24 gold pieces
  3530 | D:4      | Bought a scroll labelled KESI HAETHISCH for 24 gold pieces
  3530 | D:4      | Bought a scroll labelled ETARAT CIMY NIH for 24 gold pieces
  3530 | D:4      | Bought a golden potion for 21 gold pieces
  3530 | D:4      | Bought a sedimented ruby potion for 21 gold pieces
  3530 | D:4      | Bought a scroll labelled QOYNOI OROUH for 24 gold pieces
  3596 | D:4      | Found a broken altar of Ashenzari.
  3596 | D:4      | Found a basalt altar of Yredelemnul.
  3630 | D:5      | Entered Level 5 of the Dungeon
  3726 | D:5      | Reached skill level 5 in Slings
  3957 | D:5      | Reached XP level 7. HP: 42/45 MP: 10/10
  3975 | D:5      | Found an ancient bone altar of Kikubaaqudgha.
  4299 | D:4      | Bought a forked fluorescent wand for 96 gold pieces
  4600 | D:6      | Found a sacrificial altar of Ru.
  4611 | D:6      | Reached skill level 6 in Slings
  4619 | D:6      | Reached XP level 8. HP: 52/52 MP: 12/12
  4706 | D:6      | Reached skill level 5 in Dodging
  4969 | D:6      | Reached skill level 7 in Slings
  5169 | D:6      | Reached XP level 9. HP: 57/58 MP: 14/14
  5836 | D:6      | Reached skill level 8 in Slings
  6185 | D:7      | Noticed Pikel
  6210 | D:6      | Reached skill level 5 in Hexes
  6480 | D:6      | Upgraded the game from 0.27-a0-320-g81d27af2d4 to
                  | 0.27-a0-328-g7f782ed93a
  6739 | D:6      | Killed Pikel
  6740 | D:6      | Reached skill level 5 in Fighting
  7654 | D:7      | Found a runed translucent gate.
  7670 | D:7      | Noticed emiel's ghost (novice GnWn)
  7681 | D:7      | Found a runed translucent gate.
  7681 | D:7      | Found a runed translucent gate.
  7764 | D:7      | Reached XP level 10. HP: 49/66 MP: 14/16
  7851 | D:7      | Found a staircase to the Ecumenical Temple.
  7902 | D:7      | Reached skill level 9 in Slings
  8394 | D:7      | Learned a level 3 spell: Inner Flame
  8398 | D:7      | Learned a level 3 spell: Portal Projectile
  8403 | D:7      | Learned a level 4 spell: Cause Fear
  8468 | D:8      | Noticed a two-headed ogre
  8531 | Temple   | Entered the Ecumenical Temple
  8788 | Temple   | Became a worshipper of Hepliaklqana the Forgotten
  9294 | D:7      | Killed a two-headed ogre
  9471 | D:8      | Noticed a death yak
  9474 | D:8      | Noticed a death yak
  9724 | D:8      | Noticed a death yak
  9725 | D:8      | Noticed a death yak
  9725 | D:8      | Noticed a death yak
 10855 | D:7      | Killed a death yak
 10856 | D:7      | Reached skill level 10 in Slings
 10856 | D:7      | Reached skill level 5 in Spellcasting
 11418 | D:8      | Found a staircase to the Lair.
 11756 | D:8      | Upgraded the game from 0.27-a0-328-g7f782ed93a to
                  | 0.27-a0-637-g3a9f0a9c12
 11756 | D:8      | Quit the game

Illustrated notes

Levels and vault maps discovered:
D:1:      evilmike_arrival_crescent, layout_loops_corners,
          corexii_hall_statues_i, serial_bayou_lagoon_a, solitary_fountain
D:2:      minmay_recursive_quarters, layout_rooms,
          nicolae_overflow_hidden_temple
D:3:      layout_basic, grunt_dithmenos_smoke
D:4:      layout_basic, overflow_temple_1_default,
          gammafunk_temple_overflow_pools, serial_shops, shop
D:5:      layout_cave_pools, old_standard_altar, minivault_19,
          minmay_misc_feat_doors
D:6:      layout_cave_pools, nicolae_ru_great_annihilating_truth, minmay_bent
D:7:      layout_loops_corners, minmay_temple_entry_nine_rooms,
          gammafunk_ghost_split, eino_curves_01, uniq_pikel
D:8:      layout_basic, dpeg_lair_monsters
D:9:      layout_cave_pools, minivault_25_ag, minmay_evil_grid, uniq_erolcha
Temple:   regret_index_temple_generic_petals

Skill      XL: |  1  2  3  4  5  6  7  8  9 10 |
---------------+-------------------------------+-----
Fighting       | 1 2 3 4 5 6 |  6.2
Slings         | 4 5 6 7 8 10 | 10.1
Dodging        | 3 4 5 6 7 |  7.8
Hexes          | 3 4 5 6 |  6.2
Spellcasting   | 2 3 4 5 |  5.2

Action                   |  1- 3 |  4- 6 |  7- 9 | 10-12 || total
-------------------------+-------+-------+-------+-------++-------
 Fire: Hunting sling     |   121 |   204 |   317 |   158 ||   800
 Cast: Corona            |       |       |     6 |     3 ||     9
       Inner Flame       |       |       |       |     4 ||     4
Invok: Recall Ancestor   |       |       |       |     3 ||     3
Evoke: Wand              |       |       |     2 |    14 ||    16
  Use: Scroll            |       |     8 |       |     7 ||    15
Armor: Robe              |     2 |    13 |    29 |     6 ||    50
Dodge: Dodged            |    30 |    51 |   166 |    38 ||   285

Table legend: (Time is in decaauts)
 A = Elapsed time spent in this place.
 B = Non-inter-level travel time spent in this place.
 C = Inter-level travel time spent in this place.
 D = Time resting spent in this place.
 E = Time spent auto-exploring this place.
 F = Levels seen in this place.
 G = Mean time per level.
                   A        B        C        D        E       F      G
               +--------+--------+--------+--------+--------+-----+--------+
         Total |  11695 |  11021 |    674 |   1049 |   7106 |  10 | 1169.5 |
       Dungeon |  11403 |  10829 |    574 |   1049 |   6917 |   9 | 1267.0 |
        Temple |    291 |    191 |    100 |      0 |    189 |   1 |  291.0 |
               +--------+--------+--------+--------+--------+-----+--------+

Top non-repeatable levels by time:
     D:6: 3057 daAuts
     D:7: 2790 daAuts
     D:1: 1435 daAuts
     D:8: 1027 daAuts
     D:3: 900 daAuts
     D:2: 828 daAuts
     D:5: 767 daAuts
     D:4: 514 daAuts
  Temple: 291 daAuts
     D:9: 82 daAuts
